 Dungeon Crawl Stone Soup version 0.27.0-1-g7a089689b8 (webtiles) character file.

Game seed: 8904756663271124427

16 mimimomo the Conjurer (level 2, 16/16 HPs)
             Began as a Deep Elf Conjurer on Aug 4, 2021.
             Was a Follower of Trog.
             Got out of the dungeon alive.
             The game lasted 00:01:13 (710 turns).

mimimomo the Conjurer (Deep Elf Conjurer)            Turns: 710, Time: 00:01:13

Health: 16/16      AC:  2    Str:  4    XL:     2   Next: 37%
Magic:  8/8        EV: 12    Int: 22    God:    Trog [*.....]
Gold:   27         SH:  0    Dex: 13    Spells: 5/8 levels left

rFire    . . .     SeeInvis .   f - +0 dagger (venom)
rCold    . . .     Faith    .   (no shield)
rNeg     . . .     Spirit   .   a - +0 robe
rPois    .         Reflect  .   (no helmet)
rElec    .         Harm     .   (no cloak)
rCorr    +         Rampage  .   (no gloves)
Will     .....                  (no boots)
Stlth    ++........             g - amulet of magic regeneration
HPRegen  0.05/turn              e - ring of resist corrosion
MPRegen  0.36/turn              (no ring)

@: no status effects
A: no striking features
a: Renounce Religion, Berserk


You escaped.
You worshipped Trog.
Trog was aware of your devotion.
You visited 1 branch of the dungeon, and saw 1 of its levels.

You collected 27 gold pieces.

Inventory:

Hand Weapons
 b - a +0 short sword
 f - a +0 dagger of venom (weapon)
Armour
 a - a +0 robe (worn)
Jewellery
 e - a ring of resist corrosion (left hand)
 g - an amulet of magic regeneration (around neck)
Scrolls
 c - a scroll of brand weapon {unknown}
Potions
 d - a potion of curing {unknown}
 h - a potion of attraction {unknown}


   Skills:
 * Level 0.4 Fighting
 + Level 2.6 Dodging
 + Level 2.4 Stealth
 - Level 3.5 Spellcasting
 - Level 4.6 Conjurations


You had 5 spell levels left.
You knew the following spells:

 Your Spells              Type           Power      Damage    Failure   Level
a - Magic Dart            Conj           96%        1d7       1%          1
b - Searing Ray           Conj           48%        3d5       2%          2

Your spell library contained the following spells:

 Spells                   Type           Power      Damage    Failure   Level
 Dazzling Flash           Conj/Hex       28%        N/A       14%         3
 Fulminant Prism          Conj/Hex       7%         3d7       41%         4
 Iskenderun's Mystic Bla  Conj/Tloc      14%        2d5       41%         4


Dungeon Overview and Level Annotations

Branches:
Dungeon (1/15)

Altars:
Trog


Message History

You can't see any susceptible monsters within range! (Use Z to cast anyway.)
A kobold is nearby!
A kobold is nearby!
You can't see any susceptible monsters within range! (Use Z to cast anyway.)
You can't see any susceptible monsters within range! (Use Z to cast anyway.)
The kobold shouts!
You enter the shallow water.
Moving in this stuff is going to be slow.
You can't see any susceptible monsters within range! (Use Z to cast anyway.)
You can't see any susceptible monsters within range! (Use Z to cast anyway.)
You can't see any susceptible monsters within range! (Use Z to cast anyway.)
The magic dart hits the kobold.
You kill the kobold!
You hear a splash.
You can't see any susceptible monsters within range! (Use Z to cast anyway.)
You can't see any susceptible monsters within range! (Use Z to cast anyway.)
Things that are here:
a +0 short sword; a kobold corpse
Found a faded altar of an unknown god.
You enter the shallow water.
Moving in this stuff is going to be slow.
There is a faded altar of an unknown god here.
You cannot tell which god this altar belongs to.
Convert to them anyway?
Okay, then.
You cannot tell which god this altar belongs to.
Convert to them anyway?
Trog accepts your prayer! Trog welcomes you!
You can now go berserk at will.
You enter the shallow water.
Moving in this stuff is going to be slow.
Things that are here:
a +0 short sword; a kobold corpse You enter the shallow water.
Moving in this stuff is going to be slow.
There is a stone staircase leading down here.
You see here a +0 club.
There is an open door here.
There is a staircase leading out of the dungeon here.
Are you sure you want to leave the Dungeon?
This will make you lose the game!
You have escaped!

......# #.†........# ......#
#.(........#
......########..........#
......##................#
.........#####..>.......#
......#### #.###......#
.........#####.#.#^.....#
#.#####......###.###.#### #.#
#......+..@..+.#
#÷#####..#######.#######
÷....##..#.............#
#.##.##.[####.#####.####
#.##.......##.#####.## #########
#(#####....#.........###.......#
#.# #...######.######........#
#.# #...+...........'........#
#.# #...######.#############.#


There were no monsters in sight!

Vanquished Creatures
  2 endoplasms (D:1)
  4 goblins (D:1)
  A kobold (D:1)
  2 ball pythons (D:1)
  3 bats (D:1)
  A frilled lizard (D:1)
  3 rats (D:1)
16 creatures vanquished.

Notes
Turn   | Place    | Note
-------+----------+-------------------------------------------
     0 | D:1      | mimimomo the Deep Elf Conjurer began the quest for the Orb.
     0 | D:1      | Reached XP level 1. HP: 10/10 MP: 6/6
   273 | D:1      | Reached XP level 2. HP: 15/15 MP: 4/8
   324 | D:1      | Learned a level 2 spell: Searing Ray
   636 | D:1      | Found a faded altar of an unknown god.
   641 | D:1      | Became a worshipper of Trog the Wrathful
   641 | D:1      | Reached * piety under Trog
   710 | D:$      | Got out of the dungeon alive.

Illustrated notes

Levels and vault maps discovered:
D:1:      shiori_shiawase, layout_rooms, shapermc_ecumenical_altar_hornbeckon

Action                   || total
-------------------------++-------
 Cast: Magic Dart        ||    22
Dodge: Dodged            ||     3
